cohdb
Replays
Latest Replays
All Replays
Popular Replays
Top Player Replays
Match Explorer
How It Works
Community
CoH3 Stats
Reddit
Sign in to upload your games and track your stats! →
Sign in with Steam
Match 41707018
Unlisted
Match 41707018
Overview
Messages
Build Orders
End
Panzergrenadier Squad
250 Light Carrier
Panzergrenadier Squad
Construct Light Support Kompanie
Selects Italian Infantry
2.5-tonne Medical Truck
Fire Support Elements
Selects Guastatori Squad
Selects L6/40 Light Tank Combat Group
Selects Defensive Operations
Guastatori Squad
Veteran Squad Leaders
Pak 38 Mechanized Group
Construct Panzerarmee Kommand
2.5-tonne Medical Truck
Emergency Repair Kits
我真的不是驴
Mo-J
Vlavius
Alexem
0
0
Comments
sign in to comment!
No comments posted yet!